 Dungeon Crawl Stone Soup version 0.31-a0-193-gdfe2569204 (webtiles) character file.

Game seed: 12868261468219898489

133 qw the Skirmisher (level 4, 0/25 HPs)
             Began as a Deep Elf Hunter on June 24, 2023.
             Slain by a gnoll
             ... wielding a +0 whip
             ... led by a gnoll bouda
              (1 damage)
             ... on level 4 of the Dungeon.
             The game lasted 00:00:37 (1625 turns).

qw the Skirmisher (Deep Elf Hunter)                 Turns: 1625, Time: 00:00:37

Health: 0/25       AC:  5    Str: 10    XL:     4   Next: 93%
Magic:  6/6        EV: 12    Int: 14    God:
Gold:   122        SH:  0    Dex: 24    Spells: 3/3 levels left

rFire   . . .        Y - +0 shortbow
rCold   . . .        (shield currently unavailable)
rNeg    . . .        d - +0 ring mail
rPois   .            (no helmet)
rElec   .            (no cloak)
rCorr   .            (no gloves)
SInv    .            (no boots)
Will    .....        (no amulet)
Stlth   ++           f - +6 ring of dexterity
HPRegen 0.24/turn    (no ring)
MPRegen 0.10/turn

%: no passive effects
@: no status effects
A: no striking features
a: no special abilities


You were on level 4 of the Dungeon.
You visited 1 branch of the dungeon, and saw 5 of its levels.

You collected 122 gold pieces.


   Skills:
 - Level 1.5 Fighting
 + Level 8.0 Ranged Weapons
 - Level 3.2 Dodging
 - Level 1.2 Stealth


You had 3 spell levels left.
You didn't know any spells.
Your spell library was empty.

Inventory:

Hand Weapons
 Y - a +0 shortbow (weapon)
Armour
 d - a +0 ring mail (worn)
Jewellery
 f - a +6 ring of dexterity (left hand)
Scrolls
 a - a scroll of teleportation {unknown}
Potions
 b - a potion of invisibility {unknown}
 c - a potion of heal wounds {unknown}
 e - a potion of might {unknown}
 i - 2 potions of curing {unknown}

Dungeon Overview and Level Annotations

Branches:
Dungeon (5/15)
 Temple: D:4-7

Altars:
Kikubaaqudgha


Message History

You shoot an arrow. The arrow hits the gnoll bouda.
The gnoll bouda is severely wounded.
The gnoll bouda barks out a call to the hunt!
The gnolls pick up the pace!
The gnoll hits you but does no damage.
You shoot an arrow.
The arrow hits the gnoll bouda but does no damage.
The gnoll bouda is severely wounded.
The gnoll bouda misses you. The gnoll misses you.
You shoot an arrow.
The arrow closely misses the gnoll bouda.
The gnoll bouda barely misses you. The gnoll hits you with a +0 whip.
You shoot an arrow.
The arrow hits the gnoll bouda but does no damage.
The gnoll bouda is severely wounded.
The gnoll bouda gazes fiercely through you!
You feel your attacks grow feeble. The gnoll bouda closely misses you.
The gnoll hits you with a +0 whip.
You shoot an arrow. The arrow hits the gnoll bouda!
You kill the gnoll bouda!
The gnoll closely misses you.
Your Dodging skill increases to level 3!
You shoot an arrow. The arrow barely misses the gnoll.
The gnoll closely misses you. The gnoll misses you.
You shoot an arrow. The arrow hits the gnoll!
The gnoll is severely wounded.
The gnoll hits you with a +0 whip. The gnoll hits you but does no damage.
You shoot an arrow. The arrow closely misses the gnoll.
The gnoll closely misses you. The gnoll misses you.
You shoot an arrow. The arrow closely misses the gnoll.
Your attacks no longer feel as feeble.
The gnoll hits you with a +0 whip. x4
You shoot an arrow.
The arrow hits the gnoll but does no damage.
The gnoll is severely wounded.
The gnoll closely misses you. The gnoll hits you with a +0 whip.
You shoot an arrow. The arrow barely misses the gnoll.
You hear the slow hiss of an avalanche of sand very nearby.
The gnoll misses you. The gnoll hits you with a +0 whip.
You die...

#.....# #..#
#.....### ..#
#.....#.. #
#.....+.. #
#.....#.# #
#.....#.# #
###.....#.#####
#####.......#.....#
#g@...........###.#
#g###.........# #.#
.)g #.........# #.#
..... #.........#
#.. .......
########### ###
....... # #......
#......


You could see 3 gnolls.

Vanquished Creatures
  A gnoll bouda (D:4)
  A sleepcap (D:3)
  2 adders (D:2)
  2 gnolls (D:1)
  A shadow imp (D:4)
  A worm (D:2)
  An orc (D:4)
  3 endoplasms (D:2)
  3 giant cockroaches
  A goblin (D:2)
  3 hobgoblins
  A kobold (D:2)
  4 ball pythons
  4 bats (D:1)
  3 frilled lizards
  5 rats
36 creatures vanquished.

Notes
Turn   | Place    | Note
-------+----------+-------------------------------------------
     0 | D:1      | qw the Deep Elf Hunter began the quest for the Orb.
     0 | D:1      | Reached XP level 1. HP: 12/12 MP: 3/3
     0 | D:1      | 0 ||| qw: Version: 0.3-a-9-g12657ce
     0 | D:1      | 0 ||| qw: Game counter: 4653
     0 | D:1      | 0 ||| qw: Always use a shield: true
     0 | D:1      | 0 ||| qw: God list: Okawaru
     0 | D:1      | 0 ||| qw: Allow faded altars: false
     0 | D:1      | 0 ||| qw: Do Orc after D:15 true
     0 | D:1      | 0 ||| qw: Do second Lair branch before Depths: true
     0 | D:1      | 0 ||| qw: Lair rune preference: random
     0 | D:1      | 0 ||| qw: Plans: Normal
     0 | D:1      | 0 ||| PLANNING D:1-11
   268 | D:1      | Reached skill level 6 in Ranged Weapons
   268 | D:1      | Reached XP level 2. HP: 16/16 MP: 4/4
   337 | D:1      | Found a faded altar of an unknown god.
   451 | D:1      | Reached XP level 3. HP: 20/20 MP: 5/5
   680 | D:1      | 680 ||| UPGRADING to +0 ring mail.
   690 | D:1      | 690 ||| DROPPING +0 leather armour.
   691 | D:1      | 691 ||| UPGRADING to +6 ring of dexterity.
   692 | D:1      | 692 ||| DROPPING +6 ring of intelligence.
   693 | D:1      | 693 ||| READING scroll labelled KEZOM FIMYTH.
   694 | D:1      | 694 ||| READING scroll labelled PYBINO GISUDDU.
   695 | D:1      | 695 ||| DROPPING scroll of butterflies.
   715 | D:2      | Found an ancient bone altar of Kikubaaqudgha.
  1006 | D:2      | Reached skill level 7 in Ranged Weapons
  1180 | D:2      | Reached XP level 4. HP: 25/25 MP: 6/6
  1284 | D:2      | 1284 ||| READING scroll labelled VOANOR GITUL.
  1285 | D:2      | 1285 ||| READING scroll labelled LUMOICZ ZAQURO.
  1287 | D:2      | 1287 ||| Stepping ~*~*~tactically~*~*~ (cloud).
  1474 | D:3      | You fall into a shaft and drop 2 floors!
  1474 | D:5      | Entered Level 5 of the Dungeon
  1479 | D:4      | 1479 ||| PLANNING OSSUARY
  1570 | D:4      | Reached skill level 8 in Ranged Weapons
  1620 | D:4      | Reached skill level 3 in Dodging
  1623 | D:4      | HP: 6/25 [gnoll/+0 whip[a gnoll bouda] (4)]
  1624 | D:4      | HP: 1/25 [gnoll/+0 whip[a gnoll bouda] (3)]
  1625 | D:4      | Slain by a gnoll

Levels and vault maps discovered:
D:1:      matt_arrival_spirals, layout_loops_cross,
          ebering_ecumenical_altar_sacrificial
D:2:      layout_basic, basic_altar, minmay_misc_feat_ornament
D:3:      layout_loops_cross, mainiacjoe_overflow_alcove_1,
          lightli_temple_of_fire, serial_shops, shop
D:4:      layout_basic, overflow_temple_1_default, gup_ossuary_entry_pyramid,
          lightli_corner_chamber
D:5:      layout_basic, serial_co_window_serial, co_window_corner_a,
          co_window_paths_b, co_window_paths_a, co_window_paths_b,
          co_window_corner_a, co_window_2corner, co_window_2corner,
          co_window_broadway_a, co_window_broadway_a, co_window_2corner,
          co_window_2corner, uniq_eustachio

Skill      XL: |  1  2  3  4 |
---------------+-------------+-----
Ranged Weapons | 6 7 8 |  8.0
Dodging        | 3 |  3.2
Fighting       | |  1.5
Stealth        | |  1.2

Action                     |  1- 3 |  4- 6 || total
---------------------------+-------+-------++-------
   Fire: Shortbow          |    79 |    41 ||   120
    Use: Scroll            |     2 |     2 ||     4
 Armour: Leather armour    |    10 |       ||    10
         Ring mail         |     2 |     5 ||     7
  Dodge: Dodged            |    28 |    21 ||    49

Table legend:
 A = Non-vault XP
 B = Vault XP
 C = Vault XP percentage of total XP
 D = Non-vault monster count
 E = Vault monster count
 F = Vault count percentage of total count
                 A         B        C        D         E       F
            +---------+---------+-------+---------+---------+-------
      Total |     190 |       0 |   0.0 |      36 |       0 |   0.0
            +---------+---------+-------+---------+---------+-------
        D:1 |      41 |       0 |   0.0 |      12 |       0 |   0.0
        D:2 |      58 |       0 |   0.0 |      19 |       0 |   0.0
        D:3 |      39 |       0 |   0.0 |       2 |       0 |   0.0
        D:4 |      52 |       0 |   0.0 |       3 |       0 |   0.0
            +---------+---------+-------+---------+---------+-------
